cohdb
Replays
Latest Replays
All Replays
Popular Replays
Top Player Replays
Match Explorer
How It Works
Community
CoH3 Stats
Reddit
Sign in to upload your games and track your stats! →
Sign in with Steam
Match 35141366
Unlisted
Match 35141366
Overview
Messages
Build Orders
End
Kradschützen Motorcycle Team
250 Light Carrier
Panzerpioneer Squad
Construct Light Support Kompanie
Combat Half-tracks
Construct Mechanized Kompanie
Assault Mechanized Group
Support Armor Elements
Rapid Advance
Vehicle Survival Package
StuG III D Assault Gun
Emergency Repair Kits
Selects Armored Support Battlegroup
Selects Salvage Kits
StuG III D Assault Gun
Advanced Optics
Marder III Tank Destroyer
Marder III Tank Destroyer
Veteran Squad Leaders
Panzergrenadier Squad
Marder III Tank Destroyer
Selects Veteran Gunners
s73r01d
Fishin
Sizzlor
dizmo661
Kanper
er1k
PasDeQuartier
Eisbergsalat
0
0
Comments
sign in to comment!
No comments posted yet!